 Dungeon Crawl Stone Soup version 0.31.0-32-g396128a36d (webtiles) character file.

Game seed: 5671472143408250812

216794 AshenAvatar the Gelid (level 19, -8/139 HPs)
             Began as an Octopode Ice Elementalist on Apr 10, 2024.
             Was an Initiate of Gozag.
             Shot with an arrow by a deep elf archer (27 damage)
             ... on level 3 of the Elven Halls on Apr 12, 2024.
             The game lasted 02:33:24 (62676 turns).

AshenAvatar the Gelid (Octopode Ice Elementalist)  Turns: 62676, Time: 02:33:25

Health: -8/139     AC:  4    Str: 21    XL:     19   Next: 6%
Magic:  0/33       EV: 23    Int: 31    God:    Gozag
Gold:   2191       SH:  8    Dex: 17    Spells: 12/38 levels left

rFire   + + .        b - staff "Lesaaqyfak" {rPois Dex+4 Ice Alchemy, !a}
rCold   + + .        Z - +2 buckler
rNeg    + . .        k - +2 hat "Siluast" {rF+ rN+ Int+3}
rPois   +            v - amulet "Ytyon" {Spirit Will+}
rElec   .            C - ring of protection from cold
rCorr   .            W - ring of willpower
SInv    +            S - +6 ring of strength
Will    ++++.        X - ring of the Median {^Contam Fly rF+ Int+3 Dex+2 Stlth+}
Stlth   ++++         G - ring "Poujij" {Str+6 Int+2}
HPRegen 0.43/turn    j - ring of the Kitsune {Wiz ^Drain rC+ Will+ SInv}
MPRegen 0.23/turn    E - +5 ring of evasion
                     N - ring of the Mage {Wiz Archmagi}

%: guardian spirit, wizardry (x2), archmagi
@: flying
A: almost no armour, amphibious, 8 rings, camouflage 1, gelatinous body 1,
(nimble swimmer 1), tentacles, clumsy 1, poison resistance, shaggy fur 1
}: 1/15 runes: gossamer
a: Renounce Religion, Potion Petition, Call Merchant, Bribe Branch


You were on level 3 of the Elven Halls.
You worshipped Gozag.
Gozag was most pleased with you.
You visited 6 branches of the dungeon, and saw 30 of its levels.
You visited the Abyss 1 time.
You also visited: Trove and Sewer.

You collected 9871 gold pieces.
You spent 6936 gold pieces at shops.
You paid 744 gold pieces to Gozag.


Innate Abilities, Weirdness & Mutations

You cannot wear most types of armour.
You are amphibious.
You can wear up to eight rings at the same time.
Your skin changes colour to match your surroundings (Stealth+).
Your rubbery body absorbs attacks. (AC +1, EV +1)
((You are camouflaged when in or above water. (Stealth+)))
You have tentacles for arms and can constrict up to eight enemies at once.
You are clumsy. (Dex -2)
Your system is resistant to poisons. (rPois)
You are covered in fur. (AC +1)


   Skills:
 - Level 15.3 Fighting
 - Level 2.0 Staves
 - Level 10.0 Dodging
 - Level 3.0 Stealth
 - Level 5.0 Shields
 - Level 10.0 Spellcasting
 - Level 7.0 Conjurations
 - Level 4.0 Hexes
 - Level 4.0 Summonings
 - Level 2.0 Translocations
 - Level 16.0 Ice Magic
 - Level 6.0 Air Magic
 - Level 8.0 Alchemy
 - Level 8.0 Evocations
 + Level 12.3 Shapeshifting


You had 12 spell levels left.
You knew the following spells:

 Your Spells              Type           Power      Damage    Failure   Level
b - Summon Ice Beast      Ice/Summ       100%       N/A       1%          3
f - Freezing Cloud        Conj/Ice/Air   53%        6-21      1%          5
i - Irradiate             Conj/Alch      48%        3d27      1%          5
o - Ozocubu's Armour      Ice            100%       N/A       0%          3
r - Frozen Ramparts       Ice            100%       1d16      0%          3
v - Summon Mana Viper     Hex/Summ       57%        N/A       5%          5
B - Blink                 Tloc           82%        N/A       1%          2

Your spell library contained the following spells:

 Spells                   Type           Power      Damage    Failure   Level
 Freeze                   Ice            100%       1d10      0%          1
 Foxfire                  Conj/Fire      100%       2x1d9     1%          1
 Magic Dart               Conj           100%       1d8       1%          1
 Call Imp                 Summ           100%       N/A       1%          2
 Cigotuvi's Dreadful Rot  Necr/Alch/Air  100%       N/A       1%          2
 Ensorcelled Hibernation  Hex/Ice        100%       N/A       1%          2
 Jinxbite                 Hex            100%       N/A       1%          2
 Mercury Vapours          Alch/Air       100%       N/A       1%          2
 Scorch                   Fire           46%        2d6       1%          2
 Static Discharge         Conj/Air       100%       3-8/arc   1%          2
 Sublimation of Blood     Necr           23%        N/A       1%          2
 Call Canine Familiar     Summ           57%        N/A       1%          3
 Dazzling Flash           Conj/Hex       100%       N/A       1%          3
 Gell's Gravitas          Tloc           41%        N/A       1%          3
 Hailstorm                Conj/Ice       100%       3d16      1%          3
 Mephitic Cloud           Conj/Alch/Air  93%        N/A       1%          3
 Sigil of Binding         Hex            57%        N/A       1%          3
 Stone Arrow              Conj/Erth      100%       3d13      1%          3
 Swiftness                Air            68%        N/A       1%          3
 Teleport Other           Tloc           41%        N/A       1%          3
 Tukima's Dance           Hex            57%        N/A       1%          3
 Airstrike                Air            34%        2d(5-21)  1%          4
 Iskenderun's Mystic Bla  Conj/Tloc      60%        2d13      1%          4
 Summon Lightning Spire   Summ/Air       63%        N/A       1%          4
 Iskenderun's Battlesphe  Conj           73%        2d12      1%          5
 Metabolic Englaciation   Hex/Ice        54%        N/A       1%          5
 Volatile Blastmotes      Fire/Tloc      64%        2d15      2%          3
 Brom's Barrelling Bould  Conj/Erth      54%        2d7       2%          4
 Flame Wave               Conj/Fire      54%        2d13      2%          4
 Ignite Poison            Fire/Alch      74%        N/A       2%          4
 Leda's Liquefaction      Alch/Erth      37%        N/A       2%          4
 Petrify                  Alch/Erth      74%        N/A       2%          4
 Vhi's Electric Charge    Tloc/Air       100%       N/A       2%          4
 Arcjolt                  Conj/Air       35%        1d45      2%          5
 Fugue of the Fallen      Necr           23%        N/A       3%          3
 Passwall                 Erth           23%        N/A       3%          3
 Dimensional Bullseye     Hex/Tloc       25%        N/A       3%          4
 Martyr's Knell           Necr/Summ      41%        N/A       4%          4
 Silence                  Hex/Air        31%        N/A       4%          5
 Fireball                 Conj/Fire      27%        3d12      7%          5
 Summon Forest            Summ/Tloc      25%        N/A       9%          5
 Dispel Undead            Necr           23%        3d12      11%         4
 Conjure Ball Lightning   Conj/Air       35%        3x3d11    11%         6
 Borgnjor's Vile Clutch   Necr/Erth      11%        N/A       26%         5
 Curse of Agony           Necr           23%        N/A       26%         5
 Summon Cactus Giant      Summ           28%        N/A       28%         6
 Bombard                  Conj/Erth      27%        9d5       32%         6
 Orb of Destruction       Conj           36%        9d11      41%         7
 Dispersal                Tloc           20%        N/A       52%         6
 Death Channel            Necr           11%        N/A       78%         6
 Monstrous Menagerie      Summ           28%        N/A       80%         7
 Haunt                    Necr/Summ      20%        N/A       96%         7
 Maxwell's Capacitive Co  Air            34%        ∞         99%         8
 Discord                  Hex            28%        N/A       100%        8
 Lehudib's Crystal Spear  Conj/Erth      27%        10d7      100%        8
 Fire Storm               Conj/Fire      27%        8d7       100%        9

Inventory:

Hand Weapons
 a - a +5 dagger
Missiles
 i - 8 atropa-tipped darts (quivered)
 I - 2 throwing nets {=f}
Armour
 k - the +2 hat "Siluast" (worn) {rF+ rN+ Int+3}
   (You acquired it in a treasure trove)

   Int+3:     It affects your intelligence (+3).
   rF+:       It protects you from fire.
   rN+:       It protects you from negative energy.
 Z - a +2 buckler (worn)
Magical Staves
 b - the staff "Lesaaqyfak" (weapon) {rPois Dex+4 Ice Alchemy, !a}
   (You found it on level 6 of the Dungeon)

   [staff of alchemy]

   Base accuracy: +5 Base damage: 5 Base attack delay: 1.2 This weapon's minimum
   attack delay (0.6) is reached at skill level 12.
   Dex+4:     It affects your dexterity (+4).
   rPois:     It protects you from poison Ice: It increases the power of your
   Ice spells.
   Alchemy:   It increases the power of your Alchemy spells.
   It falls into the 'Staves' category.
   It is a one-tentacled weapon.
Jewellery
 j - the ring of the Kitsune (on tentacle) {Wiz ^Drain rC+ Will+ SInv}
   (You bought it in a shop on level 2 of the Spider Nest)

   [ring of wizardry]

   Wiz:       It improves your spell success rate.
   rC+:       It protects you from cold.
   Will+:     It increases your willpower.
   SInv:      It lets you see invisible.
   ^Drain:    It drains your maximum health when unequipped.
 v - the amulet "Ytyon" (around mantle) {Spirit Will+}
   (You bought it in a shop on level 2 of the Spider Nest)

   [amulet of guardian spirit]

   Spirit:    It causes incoming damage to be divided between your reserves of
   health and magic.
   Will+:     It increases your willpower.
 C - a ring of protection from cold (left tentacle)
 E - a +5 ring of evasion (on tentacle)
 G - the ring "Poujij" (on tentacle) {Str+6 Int+2}
   (You found it on level 7 of the Dungeon)

   [ring of strength]

   Str+6:     It affects your strength (+6).
   Int+2:     It affects your intelligence (+2).
 N - the ring of the Mage (on tentacle) {Wiz Archmagi}
   (You acquired it in a treasure trove)

   [ring of wizardry]

   Wiz:       It improves your spell success rate.
   Archmagi:  It increases the power of your magical spells.
 S - a +6 ring of strength (on tentacle)
 W - a ring of willpower (right tentacle)
 X - the ring of the Median (on tentacle) {^Contam Fly rF+ Int+3 Dex+2 Stlth+}
   (You bought it in a shop on level 2 of the Spider Nest)

   [ring of protection from fire]

   Int+3:     It affects your intelligence (+3).
   Dex+2:     It affects your dexterity (+2).
   rF+:       It protects you from fire.
   Fly:       It grants you flight.
   ^Contam:   It causes magical contamination when unequipped.
   Stlth+:    It makes you more stealthy.
 Y - a +4 ring of slaying
Talismans
 K - a granite talisman
Wands
 l - a wand of charming (37)
 y - a wand of roots (26)
 Q - a wand of acid (5)
 R - a wand of polymorph (7)
 V - a wand of flame (14)
Scrolls
 f - 4 scrolls of amnesia
 g - 5 scrolls of vulnerability
 n - 3 scrolls of poison
 p - 6 scrolls of torment
 q - 9 scrolls of fog
 s - 9 scrolls of enchant armour
 u - 8 scrolls of revelation
 w - 8 scrolls of immolation
 x - a scroll of enchant weapon
 B - 14 scrolls of teleportation {@r2}
 D - 5 scrolls of blinking
 J - 5 scrolls of noise
 M - 9 scrolls of identify {@r1}
 P - a scroll of butterflies
Potions
 c - a potion of magic
 d - a potion of resistance
 h - 3 potions of might
 m - 5 potions of curing {@q1}
 o - 9 potions of attraction
 t - 2 potions of invisibility
 z - 8 potions of degeneration
 A - 3 potions of lignification
 H - 4 potions of heal wounds {@q2}
 L - 4 potions of ambrosia
 O - 2 potions of brilliance
 T - 3 potions of cancellation
 U - 3 potions of haste {@q3}
Miscellaneous
 e - a lightning rod (4/4)
 r - a phial of floods

Dungeon Overview and Level Annotations

Branches:
Dungeon (15/15)            Temple (1/1) D:5            Lair (5/5) D:8
 Shoals (0/4) Lair:2       Spider (4/4) Lair:2        Slime (0/5) Lair:4
    Orc (2/2) D:10            Elf (3/3) Orc:2        Vaults (0/5) D:13
 Depths (0/4) D:15          Sewer (visited)

Altars:
Ashenzari
Cheibriados
Dithmenos
Elyvilon
Fedhas
Gozag
Hepliaklqana
Kikubaaqudgha
Makhleb
Nemelex Xobeh
Okawaru
Qazlal
Ru
Sif Muna
Trog
Uskayaw
Vehumet
Wu Jian
Xom
Yredelemnul
Zin
The Shining One

Shops:
D:4 [[[(   D:5 !*:==   D:7 *[!   D:11 (   D:15 :   Orc:2 ?*[:   Spider:2 =

Portals:
Pandemonium: Orc:2

Annotations:
Lair:5 exclusion: obsidian statue
Spider:3 2 transporters, Feguytzu's ghost, journeyman GrMo
Orc:1 2 transporters, panicmichael's ghost, journeyman SpAl
Elf:2 3 runed translucent doors
Elf:3 exclusions: 2 doors and 2 more exclusions

,,,,,,,,,,,*,,,**+* *,*,*
,,,,,,,,,,,**,,,,,* *,*,*
,,,,,,,.....**,,,,* *,,,*
,,,,,,......******* *****,**** *
,,,,,*......#####+## *,#,,,**,* *
,⚑,,*#+#......##...###.#.****,* *
,,,,*#.#......#.....e....* *,* *
,,,,,,.'........<...##'##* *,***
,,,,,,,#........@....e...****,**,
***,****#................,+,,,*,,
*,* ##.......{.......***,,+,, *,*
###'##..e.#....#* *,,*,, *,*
#..+.e?.....#* *,,**, *,*
#.##....##### *,,*** #.#
#.###..## *,,* * #.#### #.# ####
*,,* #.#..## #.# *,,***


You could see 2 deep elf archers, a deep elf knight, a deep elf zephyrmancer and
a +1 antimagic halberd.


Message History

The deep elf archer hits you with a +0 dagger.
You hear a shout! x15
You see here a scroll of identify {@r1}.
You block the +1 antimagic halberd's attack.
The deep elf zephyrmancer mumbles some strange words.
The deep elf zephyrmancer blinks!
The deep elf archer unwields a +0 dagger.
The deep elf archer wields a +0 shortbow.
The deep elf archer shoots an arrow.
The arrow hits you! The +1 antimagic halberd misses you.
The deep elf zephyrmancer barely misses you.
The +1 antimagic halberd hits you!!
You feel your power leaking away.
Unknown command.
The +1 antimagic halberd hits you!
* * * LOW HITPOINT WARNING * * *
The deep elf zephyrmancer points at you and mumbles some strange words.
The bolt of lightning misses you.
The deep elf archer shoots an arrow.
The arrow completely misses you.
The deep elf archer shoots an arrow.
The arrow hits you!!
* * * LOW HITPOINT WARNING * * *
The +1 antimagic halberd hits you!!
* * * LOW HITPOINT WARNING * * *
You hear a shout! x3
The deep elf zephyrmancer points at you and mumbles some strange words.
The bolt of lightning misses the +1 antimagic halberd.
The bolt of lightning misses you.
The deep elf archer shoots an arrow.
The arrow hits you!!
You die...
Your body crumbles into a pile of gold.

Skill      XL: |  1  2  3  4  5  6  7  8  9 10 11 12 13 14 15 16 17 18 |
---------------+-------------------------------------------------------+-----
Fighting       | 1 2 3 4 6 7 8 9 12 13 15 | 15.3
Ice Magic      | 5 6 7 8 9 11 12 14 15 16 | 16.0
Evocations     | 3 6 7 8 |  8.0
Stealth        | 3 |  3.0
Summonings     | 1 3 4 |  4.0
Dodging        | 3 4 5 7 10 | 10.0
Spellcasting   | 3 4 5 6 9 10 | 10.0
Conjurations   | 3 5 6 7 |  7.0
Air Magic      | 3 5 6 |  6.0
Alchemy        | 2 6 7 8 |  8.0
Staves         | 2 |  2.0
Shields        | 5 |  5.0
Shapeshifting  | 9 12 | 12.3
Translocations | 2 |  2.0
Hexes          | 3 4 |  4.0

Action                     |  1- 3 |  4- 6 |  7- 9 | 10-12 | 13-15 | 16-18 | 19-21 || total
---------------------------+-------+-------+-------+-------+-------+-------+-------++-------
  Melee: Dagger            |    61 |    76 |    72 |     4 |     9 |       |       ||   222
         Constrict         |    16 |    23 |    28 |    45 |    51 |    86 |     7 ||   256
         Unarmed           |     3 |       |       |       |       |       |       ||     3
         Tentacles         |    19 |    24 |    42 |    72 |   136 |   152 |     6 ||   451
         Punch             |       |     3 |     4 |     5 |     7 |     5 |     2 ||    26
         Spear             |       |    46 |     2 |       |       |       |       ||    48
         Staff             |       |       |    58 |   259 |   348 |   382 |    18 ||  1065
  Throw: Dart              |       |       |     1 |       |       |       |       ||     1
   Cast: Frozen Ramparts   |       |    15 |    25 |    54 |    35 |    34 |     2 ||   165
         Ozocubu's Armour  |       |     6 |     8 |    43 |    52 |    42 |       ||   151
         Freeze            |       |     2 |       |       |       |       |       ||     2
         Summon Ice Beast  |       |       |    27 |    58 |   102 |    62 |       ||   249
         Freezing Cloud    |       |       |       |     9 |   135 |    82 |     2 ||   228
         Irradiate         |       |       |       |       |    24 |    49 |     4 ||    77
         Summon Mana Viper |       |       |       |       |       |    10 |     2 ||    12
 Invoke: Call Merchant     |       |       |       |       |       |     1 |       ||     1
  Evoke: Wand              |       |       |     1 |     8 |     3 |    13 |       ||    25
         Lightning rod     |       |       |       |       |       |     1 |       ||     1
    Use: Scroll            |       |       |    11 |     4 |    11 |     2 |     1 ||    29
         Potion            |       |       |       |     1 |     6 |    10 |       ||    17
   Stab: Sleeping          |     8 |     6 |     6 |     8 |     6 |     5 |     2 ||    41
         Distracted        |       |       |       |     5 |     5 |     2 |       ||    12
         Paralysed         |       |       |       |       |     1 |       |       ||     1
 Armour: Skin              |    25 |    55 |    70 |   173 |   324 |   451 |    32 ||  1130
  Dodge: Dodged            |    41 |    80 |    88 |   300 |   369 |   661 |    28 ||  1567
  Block: Buckler           |       |       |       |       |   104 |   154 |     6 ||   264

Levels and vault maps discovered:
D:1:      dpeg_arrival_more_subterranean_lakeside_camping, layout_basic
D:2:      layout_rooms, minmay_increasing_density, uniq_natasha
D:3:      layout_rooms, mainiacjoe_sewer_entry_somewhere_in_here_2,
          kennysheep_nub
D:4:      layout_cave_pools, serial_glass, glass_columns_c, glass_columns_c,
          serial_shops, nicolae_square_shop, nicolae_take_the_stairs,
          nicolae_shop_scrapyard, nicolae_shop_back_alley_shop
D:5:      layout_layer_cave, minmay_temple_entry_stoned_glass, serial_shops,
          shop, nicolae_shop_trees, shop, shop, nicolae_shop_industrial_runoff,
          uniq_menkaure, uniq_pikel
D:6:      layout_basic, grunt_temple_overflow_holy_war
D:7:      layout_cave_pods, kennysheep_okawaru_gauntlet,
          nicolae_shop_distant_corner_stores
D:8:      layout_loops_ring, grunt_temple_overflow_diamond, erik_lair_island
D:9:      layout_cave_pools, lemuel_crystal_altar
D:10:     layout_gridville, orc_0_dummy, nicolae_trove_entry_crystal,
          uniq_maggie
D:11:     layout_irregular_city, serial_shops, kennysheep_mini
D:12:     layout_irregular_city, drop_trap, nicolae_ru_great_annihilating_truth
D:13:     layout_basic, erik_vaults_2, tgw_sif
D:14:     layout_irregular_city, chequers_decorated_corner, uniq_kirke,
          uniq_frances
D:15:     grunt_enter_depths_magical_seal, layout_basic,
          grunt_dithmenos_shadows, serial_shops, shop
Temple:   minmay_freezing_vapour_temple
Lair:1:   beast_lair_carwin_large_4, layout_regular_city, serial_rivers,
          chequers_serial_rivers_micro_c, chequers_serial_rivers_room_b,
          chequers_serial_rivers_micro_a, chequers_serial_rivers_micro_e,
          chequers_serial_rivers_small_b, lemuel_fruit_tree, lemuel_fruit_fields
Lair:2:   layout_gridlike, elwin_shoals_entry_rooms,
          hellmonk_spider_entry_life_and_decay, basic_altar,
          nzn_sisyphean_effort, infiniplex_staircase_pool, serial_bayou_shore_b
Lair:3:   layout_cave_pods, serial_forest, infiniplex_forest_clump_cross,
          infiniplex_forest_lined_1, infiniplex_forest_clump_small,
          infiniplex_forest_clump_curved, infiniplex_forest_straight_4,
          infiniplex_forest_lined_3, infiniplex_forest_lined_room_2,
          infiniplex_forest_clump_small, infiniplex_forest_clump_double,
          infiniplex_forest_straight_3
Lair:4:   layout_cave_pods, minmay_slime_entry_jelly_boxes,
          nicolae_lair_lil_pond, uniq_sonja
Lair:5:   due_jungle_book, layout_gridlike, minmay_stone_trees_large,
          gammafunk_lair_bear_cave, serial_bayou_shore_b
Spider:1: layout_spider_delve
Spider:2: layout_spider_delve
Spider:3: layout_spider_delve, gammafunk_ghost_mausoleum
Spider:4: spider_rune_water
Orc:1:    layout_caves, gammafunk_ghost_arena, uniq_jorgrun, uniq_harold,
          uniq_fannar
Orc:2:    pf_orc_diabolical, layout_caves, mines2_david
Elf:1:    layout_rooms, serial_co_window_serial, co_window_paths_a,
          co_window_paths_b, co_window_corner_a, co_window_paths_a,
          co_window_corner_a, co_window_of_opportunity_a, co_window_corner_a,
          co_window_broadway_a, co_window_broadway_b, co_window_corner_ca,
          co_window_broadway_a, co_window_2corner, co_window_2corner,
          glass_columns_c, glass_columns_b, glass_columns_a, glass_columns_c,
          hangedman_elf_disciples, st_stairs_8
Elf:2:    nicolae_elf_blades_splatter_lattice [infiniplex_blade_entry_pillars],
          layout_onion_city
Elf:3:    grunt_elf_hall_branching, layout_gridlike, basic_altar, serial_shops,
          bzr_entry_safe, drop_trap

Notes
Turn   | Place    | Note
-------+----------+-------------------------------------------
     0 | D:1      | AshenAvatar the Octopode Ice Elementalist began the quest
                  | for the Orb.
     0 | D:1      | Reached XP level 1. HP: 11/11 MP: 3/3
   215 | D:1      | Reached skill level 1 in Fighting
   395 | D:1      | Reached XP level 2. HP: 18/18 MP: 5/5
   617 | D:1      | Reached skill level 2 in Fighting
   678 | D:2      | Reached XP level 3. HP: 16/24 MP: 6/6
   990 | D:2      | Noticed Natasha
   999 | D:2      | Killed Natasha
  1000 | D:2      | Reached skill level 5 in Ice Magic
  1000 | D:2      | Reached XP level 4. HP: 15/29 MP: 7/7
  1209 | D:2      | Noticed Natasha
  1219 | D:2      | Killed Natasha
  1298 | D:2      | Noticed Natasha
  1305 | D:2      | HP: 2/29 [Natasha (5)]
  1306 | D:2      | Killed Natasha
  1307 | D:2      | Reached XP level 5. HP: 2/34 MP: 8/8
  1476 | D:2      | Learned a level 3 spell: Frozen Ramparts
  1480 | D:2      | Learned a level 3 spell: Ozocubu's Armour
  2038 | D:3      | Reached skill level 6 in Ice Magic
  2189 | D:3      | Found a glowing drain.
  2193 | Sewer    | Entered a sewer
  2477 | D:3      | Reached XP level 6. HP: 39/39 MP: 0/9
  2762 | D:4      | Found Zirghush's Antique Weapon Boutique.
  2807 | D:4      | Found Fetteumu's Antique Armour Emporium.
  2828 | D:4      | Reached skill level 7 in Ice Magic
  3306 | D:4      | Reached skill level 3 in Fighting
  3352 | D:4      | Identified the +2 dagger "Ezxeiklu" {drain, *Rage ^Fragile
                  | Fly Dex+9}
  3468 | D:4      | Reached XP level 7. HP: 36/47 MP: 10/10
  3564 | D:4      | Learned a level 3 spell: Summon Ice Beast
  3574 | D:4      | Reached skill level 4 in Fighting
  3574 | D:4      | Reached skill level 1 in Evocations
  3666 | D:4      | Reached skill level 2 in Evocations
  3824 | D:4      | Found Geovvikk's Antique Armour Shoppe.
  4009 | D:4      | Found Vabrufo's Armour Shop.
  4043 | D:5      | Entered Level 5 of the Dungeon
  4043 | D:5      | Found Ciklof's General Store.
  4073 | D:5      | Noticed Menkaure
  4080 | D:5      | Killed Menkaure
  4081 | D:5      | Reached skill level 3 in Evocations
  4377 | D:5      | Found a staircase to the Ecumenical Temple.
  4399 | D:5      | Found Kihoi's Distillery.
  4411 | Temple   | Entered the Ecumenical Temple
  4416 | Temple   | Became a worshipper of Gozag Ym Sagoz the Greedy
  4440 | D:5      | Bought a potion of degeneration for 15 gold pieces
  4440 | D:5      | Bought a potion of might for 60 gold pieces
  4440 | D:5      | Bought a potion of curing for 45 gold pieces
  4462 | D:5      | Reached skill level 8 in Ice Magic
  4462 | D:5      | Reached skill level 3 in Stealth
  4472 | D:5      | Reached XP level 8. HP: 25/54 MP: 1/11
  5352 | D:5      | Noticed Pikel
  5384 | D:5      | Reached skill level 5 in Fighting
  5538 | D:5      | Killed Pikel
  5539 | D:5      | Reached skill level 9 in Ice Magic
  5539 | D:5      | Reached skill level 6 in Fighting
  5539 | D:5      | Reached skill level 1 in Summonings
  5781 | D:5      | Bought a scroll of fog for 56 gold pieces
  5781 | D:5      | Bought a scroll of identify for 28 gold pieces
  5781 | D:5      | Bought a scroll of identify for 28 gold pieces
  5907 | D:5      | Found Kuptuxavo's Book Shop.
  5972 | D:5      | Reached skill level 3 in Dodging
  6045 | D:5      | Found Tenkumeq's Jewellery Emporium.
  6178 | D:5      | Found Diaqob's Jewellery Boutique.
  6188 | D:5      | Reached XP level 9. HP: 57/63 MP: 12/12
  6751 | D:6      | Identified the staff "Lesaaqyfak" {rPois Dex+4 Ice Alchemy}
  7214 | D:6      | Found a basalt altar of Yredelemnul.
  7220 | D:6      | Reached skill level 7 in Fighting
  7264 | D:6      | Noticed a profane servitor
  7282 | D:6      | Found a glowing golden altar of the Shining One.
  7284 | D:6      | Noticed an angel
  7882 | D:7      | Found Ulullou's Distillery.
  7882 | D:7      | Found Kueror's Armour Shoppe.
  7882 | D:7      | Found Ekycozeo's Assorted Antiques.
  7972 | D:7      | Reached skill level 4 in Evocations
  8081 | D:7      | Reached skill level 5 in Evocations
  8535 | D:7      | Reached skill level 6 in Evocations
  8934 | D:7      | Identified the ring "Poujij" {Str+6 Int+2}
  8944 | D:7      | Found an iron altar of Okawaru.
  9759 | D:8      | Reached skill level 4 in Dodging
  9763 | D:8      | Reached XP level 10. HP: 72/72 MP: 13/13
  9874 | D:8      | Reached skill level 8 in Fighting
 10260 | D:8      | Reached skill level 5 in Dodging
 10260 | D:8      | Reached skill level 10 in Ice Magic
 10780 | D:8      | Found a radiant altar of Vehumet.
 10786 | D:8      | Found a stormy altar of Qazlal.
 10794 | D:8      | Found a hide-covered altar of Uskayaw.
 11667 | D:5      | Bought a Trismegistus Codex for 308 gold pieces
 11840 | D:7      | Bought a scroll labelled VETOSHR ZAROOK for 29 gold pieces
 11840 | D:7      | Bought a smoky grey potion for 26 gold pieces
 12058 | D:8      | Reached skill level 7 in Evocations
 12262 | D:9      | Reached skill level 3 in Spellcasting
 12270 | D:8      | Learned a level 5 spell: Freezing Cloud
 12318 | D:9      | Reached skill level 1 in Conjurations
 12318 | D:9      | Reached skill level 1 in Air Magic
 12513 | D:9      | Reached skill level 2 in Conjurations
 12513 | D:9      | Reached skill level 2 in Air Magic
 12674 | D:5      | Bought a +5 ring of evasion for 396 gold pieces
 12796 | D:9      | Reached skill level 11 in Ice Magic
 13315 | D:9      | Reached skill level 3 in Conjurations
 13315 | D:9      | Reached skill level 3 in Air Magic
 13321 | D:9      | Reached XP level 11. HP: 77/77 MP: 15/15
 13681 | D:9      | Reached skill level 4 in Conjurations
 13681 | D:9      | Reached skill level 4 in Air Magic
 13735 | D:9      | Found an ornate altar of the Wu Jian Council.
 14007 | D:10     | Entered Level 10 of the Dungeon
 14210 | D:10     | Noticed a two-headed ogre
 14225 | D:10     | Killed a two-headed ogre
 14342 | D:10     | Found a portal to a secret trove of treasure.
 14483 | D:10     | Reached skill level 12 in Ice Magic
 14557 | D:10     | Noticed Maggie
 14564 | D:10     | Killed Maggie
 14739 | D:10     | Reached skill level 5 in Conjurations
 14739 | D:10     | Reached skill level 5 in Air Magic
 14742 | D:10     | Reached skill level 1 in Alchemy
 14793 | D:10     | Reached skill level 2 in Alchemy
 14954 | D:10     | Found a staircase to the Orcish Mines.
 16366 | D:11     | Noticed a cyclops
 16375 | D:11     | Killed a cyclops
 16419 | D:11     | Found Faxyefruu's Weapon Shop.
 17090 | D:8      | Found a staircase to the Lair.
 17114 | Lair:1   | Entered Level 1 of the Lair of Beasts
 17179 | Lair:1   | Reached skill level 4 in Spellcasting
 17224 | Lair:1   | Reached XP level 12. HP: 22/84 MP: 16/18
 17438 | Lair:1   | Reached skill level 6 in Air Magic
 17440 | Lair:1   | Reached skill level 9 in Fighting
 17440 | Lair:1   | Reached skill level 6 in Conjurations
 17511 | Lair:1   | Reached skill level 1 in Staves
 17512 | Lair:1   | Reached skill level 2 in Staves
 18290 | Lair:1   | Reached skill level 13 in Ice Magic
 18787 | D:7      | Bought the +5 plate armour of Lies {rF+ Str+5} for 1087
                  | gold pieces
 18870 | D:10     | You paid a toll of the plate armour of Lies to enter a
                  | treasure trove
 18871 | Trove    | Entered a treasure trove
 18885 | Trove    | Got Sif Muna's Anthology of Relocated Weather
 18906 | Trove    | Got the Teachings on the Caves
 18936 | Trove    | Got Veidisyr's Precepts of Tropical Stones
 18939 | Trove    | Got Sif Muna's Tome of Decaying Ensorcelling
 18946 | Trove    | Identified 2 scrolls of acquirement
 18947 | Trove    | Acquired the ring of the Mage {Wiz Archmagi}
 18947 | Trove    | Found the ring of the Mage {Wiz Archmagi}
 18949 | Trove    | Acquired the +2 hat "Siluast" {rF+ rN+ Int+3}
 18979 | D:10     | Learned a level 5 spell: Irradiate
 19504 | Lair:2   | Reached skill level 3 in Alchemy
 19715 | Lair:2   | Found a staircase to the Shoals.
 19753 | Lair:2   | Noticed a boulder beetle
 19785 | Lair:2   | Killed a boulder beetle
 19786 | Lair:2   | Reached skill level 4 in Alchemy
 19998 | Lair:2   | Found a hole to the Spider Nest.
 20230 | Lair:2   | Noticed a seven-headed hydra
 20231 | Lair:2   | Found a hide-covered altar of Uskayaw.
 20236 | Lair:2   | Killed a seven-headed hydra
 20469 | Lair:2   | Reached skill level 14 in Ice Magic
 20471 | Lair:2   | Reached skill level 5 in Alchemy
 20652 | Lair:2   | Reached skill level 6 in Alchemy
 21269 | Lair:3   | Reached XP level 13. HP: 90/90 MP: 19/19
 21540 | Lair:3   | Identified the +3 scale mail "Katheuh" {rC+ rN++}
 21620 | Lair:3   | Identified the +4 spear "Ukkep" {flame, ^Drain rPois rN+
                  | Int+3}
 21649 | Lair:3   | Reached skill level 10 in Fighting
 22824 | Lair:4   | Reached skill level 11 in Fighting
 23015 | Lair:4   | Noticed Sonja
 23038 | Lair:4   | Sonja changed into Sonja the blink frog
 23038 | Lair:4   | Noticed Sonja
 23040 | Lair:4   | Killed Sonja the blink frog
 23252 | Lair:4   | Reached skill level 12 in Fighting
 23489 | Lair:4   | Found a staircase to the Slime Pits.
 25379 | D:4      | Bought a buckler for 144 gold pieces
 25626 | Lair:5   | Entered Level 5 of the Lair of Beasts
 25632 | Lair:5   | Reached skill level 1 in Shields
 25650 | Lair:5   | Reached skill level 2 in Shields
 25657 | Lair:5   | Reached skill level 3 in Shields
 25657 | Lair:5   | HP: 6/97 [cloud of freezing vapour (5)]
 26520 | Lair:5   | Reached skill level 4 in Shields
 26522 | Lair:5   | Reached skill level 15 in Ice Magic
 27013 | Lair:5   | Reached skill level 5 in Shields
 27032 | Lair:5   | Reached XP level 14. HP: 95/103 MP: 20/20
 27272 | Lair:5   | Reached skill level 7 in Conjurations
 28378 | Lair:5   | Noticed a dire elephant
 28378 | Lair:5   | Noticed a dire elephant
 28378 | Lair:5   | Noticed a dire elephant
 28379 | Lair:5   | Noticed a dire elephant
 28387 | Lair:5   | Killed a dire elephant
 28557 | Lair:5   | Reached skill level 16 in Ice Magic
 28564 | Lair:5   | Gained mutation: You are vulnerable to heat. (rF-)
                  | [mutagenic glow]
 29854 | Lair:5   | Killed a dire elephant
 29858 | Lair:5   | Lost mutation: You are vulnerable to heat. (rF-) [potion of
                  | mutation]
 29858 | Lair:5   | Gained mutation: Your body sometimes deteriorates upon
                  | taking damage. [potion of mutation]
 29858 | Lair:5   | Gained mutation: One of your tentacles bears a spike.
                  | [potion of mutation]
 29858 | Lair:5   | Gained mutation: You are agile. (Dex +4, Str/Int -1)
                  | [potion of mutation]
 29858 | Lair:5   | Gained mutation: Your spells are a little harder to cast,
                  | but a little more powerful. [potion of mutation]
 29858 | Lair:5   | Killed a dire elephant
 29859 | Lair:5   | Reached skill level 5 in Spellcasting
 29859 | Lair:5   | Reached skill level 7 in Alchemy
 29859 | Lair:5   | Lost mutation: Your spells are a little harder to cast, but
                  | a little more powerful. [potion of mutation]
 29859 | Lair:5   | Lost mutation: One of your tentacles bears a spike. [potion
                  | of mutation]
 29859 | Lair:5   | Lost mutation: You are agile. (Dex +4, Str/Int -1) [potion
                  | of mutation]
 29859 | Lair:5   | Gained mutation: You are robust. (+10% HP) [potion of
                  | mutation]
 29859 | Lair:5   | Gained mutation: Your spells are a little harder to cast,
                  | but a little more powerful. [potion of mutation]
 29859 | Lair:5   | Gained mutation: You are clumsy. (Dex -2) [potion of
                  | mutation]
 29859 | Lair:5   | Gained mutation: Your system is resistant to poisons.
                  | (rPois) [potion of mutation]
 29860 | Lair:5   | Killed a dire elephant
 30284 | Lair:5   | Found the +7 sceptre of Torment {pain, torment}
 31441 | D:12     | Found a sacrificial altar of Ru.
 31915 | D:13     | Reached skill level 13 in Fighting
 32433 | D:13     | Identified a potion of resistance
 32727 | D:13     | Found a shimmering blue altar of Sif Muna.
 32768 | D:13     | Found a gate to the Vaults.
 32777 | D:13     | Reached skill level 6 in Dodging
 32790 | D:13     | Reached skill level 7 in Dodging
 32884 | D:13     | Reached XP level 15. HP: 105/121 MP: 20/22
 33461 | D:14     | Noticed Frances
 33473 | D:14     | Killed Frances
 33474 | D:14     | Reached skill level 8 in Dodging
 34379 | D:14     | Noticed Kirke
 34387 | D:14     | Killed Kirke
 34844 | D:15     | Entered Level 15 of the Dungeon
 35109 | D:15     | Reached skill level 14 in Fighting
 35848 | D:15     | Found Falyij's Book Emporium.
 36197 | D:15     | Reached skill level 9 in Dodging
 36300 | D:15     | Found a shadowy altar of Dithmenos.
 36424 | D:15     | You are cast into the Abyss!
 36424 | Abyss:3  | Cast into level 3 of the Abyss (an occultist)
 36491 | Abyss:3  | Found a corrupted altar of Lugonu.
 36512 | D:15     | You pass through the gate.
 36512 | D:15     | Escaped the Abyss
 36765 | D:15     | Found a staircase to the Depths.
 36780 | D:15     | Reached skill level 10 in Dodging
 37267 | Orc:1    | Entered Level 1 of the Orcish Mines
 37291 | Orc:1    | Noticed Fannar
 37303 | Orc:1    | Killed Fannar
 37331 | Orc:1    | Noticed an orc warlord
 37339 | Orc:1    | Paralysed by an orc sorcerer for 5 turns
 37347 | Orc:1    | Killed an orc warlord
 38325 | Orc:1    | Found a transporter.
 38331 | Orc:1    | Noticed panicmichael's ghost (journeyman SpAl)
 38343 | Orc:1    | Found a transporter.
 38600 | Orc:1    | Noticed Harold
 38634 | Orc:1    | Killed Harold
 38968 | Orc:1    | Noticed Jorgrun
 38988 | Orc:1    | Noticed an orc warlord
 38990 | Orc:1    | Killed Jorgrun
 38991 | Orc:1    | Reached skill level 15 in Fighting
 39002 | Orc:1    | Killed an orc warlord
 39539 | Orc:2    | Entered Level 2 of the Orcish Mines
 39546 | Orc:2    | Reached skill level 8 in Evocations
 39942 | Orc:2    | Found a staircase to the Elven Halls.
 40638 | Orc:2    | Found Afrus's General Store.
 40642 | Orc:2    | Found Pietuecy's Magic Scroll Shoppe.
 40888 | Orc:2    | Bought a scroll of fog for 60 gold pieces
 40990 | Orc:2    | Bought a scroll of butterflies for 52 gold pieces
 40990 | Orc:2    | Bought a scroll of blinking for 97 gold pieces
 40990 | Orc:2    | Bought 3 scrolls of revelation for 292 gold pieces
 41101 | Orc:2    | Reached XP level 16. HP: 134/134 MP: 23/23
 41286 | Orc:2    | Reached skill level 1 in Shapeshifting
 41291 | Orc:2    | Reached skill level 2 in Shapeshifting
 41301 | Orc:2    | Reached skill level 3 in Shapeshifting
 41355 | Orc:2    | Reached skill level 4 in Shapeshifting
 41634 | Orc:2    | Reached skill level 5 in Shapeshifting
 41721 | Orc:2    | Found Wamnoiso's Book Shop.
 41721 | Orc:2    | Found Rosteri's Antique Armour Boutique.
 41722 | Orc:2    | Found a one-way gate leading to the halls of Pandemonium.
 43115 | D:5      | Bought a granite talisman for 660 gold pieces
 43115 | D:5      | Bought a +4 ring of slaying for 858 gold pieces
 43307 | Spider:1 | Entered Level 1 of the Spider Nest
 43399 | Spider:1 | Reached skill level 6 in Shapeshifting
 44692 | Spider:1 | Reached skill level 7 in Shapeshifting
 46392 | Spider:2 | Reached skill level 8 in Shapeshifting
 47479 | Spider:2 | Reached skill level 9 in Shapeshifting
 48847 | Spider:2 | Bought the amulet "Ytyon" {Spirit Will+} for 639 gold
                  | pieces
 48847 | Spider:2 | Bought the ring of the Median {^Contam Fly rF+ Int+3 Dex+2
                  | Stlth+} for 627 gold pieces
 48847 | Spider:2 | Bought the ring of the Kitsune {Wiz ^Drain rC+ Will+ SInv}
                  | for 723 gold pieces
 49110 | Orc:2    | Bought a book of Minor Magic for 288 gold pieces
 49113 | Orc:2    | Learned a level 2 spell: Blink
 49266 | D:5      | Bought a book of the Wilderness for 418 gold pieces
 49576 | Spider:3 | Found a transporter.
 49580 | Spider:3 | Reached skill level 1 in Translocations
 49838 | Spider:3 | Reached skill level 2 in Translocations
 49980 | Spider:3 | Identified the +5 falchion of the Arena {antimagic, rPois
                  | Dex+3}
 50101 | Spider:3 | Found a transporter.
 50104 | Spider:3 | Noticed Feguytzu's ghost (journeyman GrMo)
 50254 | Spider:4 | Entered Level 4 of the Spider Nest
 50296 | Spider:4 | Reached skill level 6 in Spellcasting
 50306 | Spider:4 | Reached XP level 17. HP: 95/139 MP: 2/26
 50840 | Spider:4 | Reached skill level 7 in Spellcasting
 51440 | Spider:4 | Reached skill level 8 in Spellcasting
 52371 | Spider:4 | Reached skill level 9 in Spellcasting
 53060 | Spider:4 | Paralysed by a hornet for 3 turns
 53947 | Spider:4 | Identified a potion of experience
 53954 | Spider:4 | Learned a level 5 spell: Summon Mana Viper
 53954 | Spider:4 | Reached skill level 3 in Hexes
 53954 | Spider:4 | Reached skill level 3 in Summonings
 53954 | Spider:4 | Reached XP level 18. HP: 147/147 MP: 31/31
 54076 | Spider:4 | Got a gossamer rune of Zot
 54409 | Elf:1    | Entered Level 1 of the Elven Halls
 55129 | Orc:2    | Lost mutation: You are robust. (+10% HP) [potion of
                  | mutation]
 55129 | Orc:2    | Lost mutation: Your body sometimes deteriorates upon taking
                  | damage. [potion of mutation]
 55129 | Orc:2    | Lost mutation: Your spells are a little harder to cast, but
                  | a little more powerful. [potion of mutation]
 55129 | Orc:2    | Gained mutation: You are covered in fur. (AC +1) [potion of
                  | mutation]
 55425 | Orc:2    | Reached skill level 4 in Summonings
 55566 | Elf:1    | Reached skill level 4 in Hexes
 55576 | Orc:2    | Reached skill level 10 in Spellcasting
 56195 | Orc:2    | Reached skill level 10 in Shapeshifting
 56971 | Elf:1    | Paralysed by an air elemental for 1 turns
 57635 | Elf:1    | Reached skill level 11 in Shapeshifting
 58314 | Elf:1    | Paralysed by an air elemental for 1 turns
 59054 | Elf:2    | Found a runed translucent gate.
 59057 | Elf:2    | Found a runed translucent gate.
 59058 | Elf:2    | Found a runed translucent gate.
 59959 | Elf:2    | Paralysed by an air elemental for 1 turns
 59963 | Elf:2    | Paralysed by an air elemental for 1 turns
 60177 | Elf:2    | Paralysed by an air elemental for 1 turns
 61381 | Elf:2    | Reached skill level 8 in Alchemy
 61381 | Elf:2    | Reached skill level 12 in Shapeshifting
 61381 | Elf:2    | Reached XP level 19. HP: 139/139 MP: 24/33
 61833 | Elf:3    | Entered Level 3 of the Elven Halls
 62676 | Elf:3    | Shot with an arrow by a deep elf archer

Vanquished Creatures
  Jorgrun (Orc:1)
  Frances (D:14)
  A deep elf sorcerer (Orc:2)
  4 ghost moths
  4 emperor scorpions
  2 orc warlords (Orc:1)
  2 broodmothers
  3 dire elephants (Lair:5)
  A deep elf death mage (Elf:1)
  A deep elf annihilator (Elf:2)
  A spark wasp (Spider:4)
  Fannar (Orc:1)
  2 entropy weavers
  An entropy weaver (shapeshifter) (Elf:3)
  2 rakshasas (D:15)
  Harold (Orc:1)
  7 vault guards (D:13)
  A demonspawn (Orc:2)
  2 hydras (Lair:5)
  2 jorogumos (Spider:2)
  2 two-headed ogres
  A boulder beetle (Lair:2)
  2 demonic crawlers
  12 dancing weapons
  A tengu warrior (D:14)
  2 occultists
  5 orc high priests (Orc:2)
  6 death yaks (Lair:5)
  4 deep elf knights
  3 pharaoh ants
  3 skysharks (Lair:5)
  A spectral anaconda (Lair:5)
  5 orb spiders
  Pikel (D:5)
  2 sun moths
  8 orc knights
  10 deep elf archers
  A lindwurm (Lair:3)
  2 ugly things
  3 steelbarb worms
  19 deep elf pyromancers
  9 deep elf zephyrmancers
  An oklob plant (Lair:2)
  4 necromancers
  11 orc sorcerers
  14 wolf spiders
  A cyclops (D:14)
  A moth of wrath (Spider:4)
  A centaur zombie (D:15)
  16 elephants
  A meliai (shapeshifter) (D:13)
  3 black mambas
  2 merfolk sirens (Lair:2)
  5 cane toads
  3 gargoyles
  A cane toad (shapeshifter) (D:14)
  A torpor snail (Spider:4)
  A dire elephant zombie (Lair:5)
  A dire elephant skeleton (Lair:5)
  2 unseen horrors
  A freezing wraith (D:15)
  An unseen horror (shapeshifter) (Elf:1)
  2 centaur skeletons (D:15)
  7 komodo dragons
  An ice devil (Orc:2)
  4 trolls
  4 polar bears
  A raiju (shapeshifter) (Elf:1)
  5 blink frogs
  8 tarantellas
  6 hornets
  A spectral elephant (Lair:5)
  7 dream sheep (Lair:4)
  A slime creature (D:13)
  A vampire (D:11)
  19 jumping spiders
  2 shadows
  5 air elementals
  16 culicivoras
  17 yaks
  3 water elementals
  4 wyverns
  A wraith (D:13)
  A fire elemental (Elf:2)
  4 wargs
  2 basilisks
  26 redbacks
  5 vampire mosquitoes
  2 acid dragons (D:10)
  2 death yak simulacra (Lair:5)
  A naga (shapeshifter) (D:13)
  2 spectral cane toads (Lair:5)
  9 water moccasins
  2 ice beasts (D:7)
  A meliai simulacrum (D:15)
  3 black bears
  29 orc warriors
  A sky beast (shapeshifter) (D:13)
  A laughing skull (D:14)
  4 ogres
  2 boggarts
  A centaur (D:9)
  An elephant skeleton (Lair:5)
  4 wolves
  2 phantoms (D:5)
  3 lemures (D:5)
  11 bullfrogs
  A gnoll sergeant (D:8)
  4 scorpions
  An earth elemental (Elf:1)
  6 wights
  An elephant simulacrum (Lair:5)
  15 killer bees
  A nameless horror (Orc:2)
  9 electric eels
  3 howler monkeys
  18 orc priests
  5 hounds
  4 jellies (Lair:4)
  2 sleepcaps
  10 iguanas
  14 orc wizards
  Natasha (thrice) (D:2)
  A hell rat (Sewer)
  14 gnolls
  12 adders
  2 river rats
  3 ribbon worms
  A dart slug (D:2)
  65 orcs
  7 bats
  5 endoplasms
  4 giant cockroaches
  12 goblins
  5 hobgoblins
  2 quokkas
  13 ball pythons
  9 frilled lizards
  8 kobolds
  11 rats
  A lurking horror (Abyss:3)
719 creatures vanquished.

Vanquished Creatures (collateral kills)
  Kirke (D:14)
  An emperor scorpion (Spider:4)
  A dire elephant (Lair:5)
  A spark wasp (Spider:4)
  A vault guard (D:13)
  A rakshasa (D:15)
  A demonspawn (Orc:2)
  A two-headed ogre (Orc:1)
  3 hydras
  A catoblepas (D:15)
  A centaur warrior (D:15)
  2 death yaks (Lair:5)
  An orc high priest (Orc:2)
  2 demonic crawlers
  A skyshark (Lair:5)
  6 orb spiders
  A necromancer (Lair:5)
  A lindwurm (Lair:3)
  6 ugly things
  2 deep elf pyromancers
  An orc sorcerer (Orc:1)
  4 wolf spiders (Spider:4)
  A moth of wrath (Spider:4)
  3 cyclopes
  6 elephants
  A slime creature (D:13)
  Maggie (D:10)
  An orange demon (Orc:2)
  4 cane toads
  3 rime drakes
  4 komodo dragons
  An efreet (D:15)
  A polar bear (Lair:5)
  4 trolls
  A queen bee (shapeshifter) (D:15)
  3 tarantellas
  A blink frog (Lair:5)
  A jumping spider (Spider:1)
  13 yaks
  4 culicivoras
  A ynoxinul (Orc:2)
  A water elemental (Elf:1)
  A wraith (D:11)
  2 vampire mosquitoes
  2 basilisks
  11 redbacks
  3 wargs
  A steam dragon (D:8)
  Menkaure (D:5)
  A spectral cane toad (Lair:5)
  2 water moccasins
  An acid dragon (D:8)
  An elephant zombie (Lair:5)
  10 orc warriors
  2 ogres (Orc:2)
  A laughing skull (D:14)
  A wolf (Lair:2)
  2 kobold brigands
  2 bullfrogs
  2 gnoll sergeants
  A wight (D:8)
  2 killer bees
  A bombardier beetle (D:4)
  8 jellies
  7 orc priests
  A hound (D:8)
  3 iguanas
  5 orc wizards
  2 gnolls (D:9)
  A shadow imp (D:8)
  21 orcs
  2 endoplasms (Lair:4)
  8 kobolds
203 creatures vanquished.

Vanquished Creatures (others)
  A deep elf zephyrmancer (Elf:1)
1 creature vanquished.

Grand Total: 923 creatures vanquished

Table legend: (Time is in decaauts)
 A = Elapsed time spent in this place.
 B = Non-inter-level travel time spent in this place.
 C = Inter-level travel time spent in this place.
 D = Time resting spent in this place.
 E = Time spent auto-exploring this place.
 F = Levels seen in this place.
 G = Mean time per level.
                   A        B        C        D        E       F      G
               +--------+--------+--------+--------+--------+-----+--------+
         Total |  62924 |  59143 |   3781 |  29238 |  22551 |  33 | 1906.8 |
       Dungeon |  25365 |  23143 |   2222 |   9613 |  10653 |  15 | 1691.0 |
        Temple |     10 |     10 |      0 |      0 |      0 |   1 |   10.0 |
          Lair |  13576 |  12666 |    910 |   5391 |   5944 |   5 | 2715.2 |
   Spider Nest |  10068 |   9760 |    308 |   6030 |   2541 |   4 | 2517.0 |
  Orcish Mines |   7620 |   7424 |    196 |   4882 |   1462 |   2 | 3810.0 |
   Elven Halls |   5929 |   5786 |    143 |   3220 |   1815 |   3 | 1976.3 |
         Abyss |     87 |     87 |      0 |     55 |      1 |   1 |   87.0 |
         Trove |    100 |    100 |      0 |      0 |     61 |   1 |  100.0 |
         Sewer |    165 |    165 |      0 |     47 |     74 |   1 |  165.0 |
               +--------+--------+--------+--------+--------+-----+--------+

Top non-repeatable levels by time:
   Orc:2: 5331 daAuts
     D:8: 3888 daAuts
  Lair:5: 3878 daAuts
  Lair:4: 3838 daAuts
Spider:4: 3636 daAuts
Spider:1: 3295 daAuts
   Elf:2: 2803 daAuts
  Lair:2: 2590 daAuts
     D:5: 2368 daAuts
    D:10: 2292 daAuts
   Orc:1: 2288 daAuts
   Elf:1: 2280 daAuts
    D:15: 2235 daAuts
Spider:2: 2049 daAuts
  Lair:1: 1911 daAuts

Table legend:
 A = Non-vault XP
 B = Vault XP
 C = Vault XP percentage of total XP
 D = Non-vault monster count
 E = Vault monster count
 F = Vault count percentage of total count
                 A         B        C        D         E       F
            +---------+---------+-------+---------+---------+-------
      Total |  170715 |   84053 |  33.0 |     668 |     249 |  27.2
            +---------+---------+-------+---------+---------+-------
        D:1 |      21 |       0 |   0.0 |      16 |       0 |   0.0
        D:2 |     110 |      42 |  27.6 |      19 |       8 |  29.6
        D:3 |     103 |      35 |  25.4 |      16 |       7 |  30.4
        D:4 |     412 |       0 |   0.0 |      26 |       0 |   0.0
        D:5 |     854 |     862 |  50.2 |      20 |       2 |   9.1
        D:6 |     252 |       0 |   0.0 |       4 |       0 |   0.0
        D:7 |    1069 |       3 |   0.3 |      17 |       2 |  10.5
        D:8 |    1791 |     690 |  27.8 |      33 |       7 |  17.5
        D:9 |    3972 |       0 |   0.0 |      44 |       0 |   0.0
       D:10 |    4289 |     434 |   9.2 |      26 |       1 |   3.7
       D:11 |    2507 |       0 |   0.0 |      14 |       0 |   0.0
       D:12 |    1870 |      19 |   1.0 |       9 |       4 |  30.8
       D:13 |    2201 |    7032 |  76.2 |       9 |       9 |  50.0
       D:14 |    5795 |    2949 |  33.7 |      12 |       2 |  14.3
       D:15 |    8031 |    5918 |  42.4 |      13 |      11 |  45.8
     Lair:1 |    4681 |    2823 |  37.6 |      19 |      15 |  44.1
     Lair:2 |    5457 |    2224 |  29.0 |      18 |       5 |  21.7
     Lair:3 |    1787 |       0 |   0.0 |       4 |       0 |   0.0
     Lair:4 |    9592 |     737 |   7.1 |      27 |      14 |  34.1
     Lair:5 |   17520 |   14188 |  44.7 |      38 |      31 |  44.9
   Spider:1 |   10063 |       0 |   0.0 |      28 |       0 |   0.0
   Spider:2 |   18595 |       0 |   0.0 |      42 |       0 |   0.0
   Spider:3 |    5454 |       0 |   0.0 |      13 |       0 |   0.0
   Spider:4 |   11795 |   19811 |  62.7 |      30 |      42 |  58.3
      Orc:1 |   11010 |    3624 |  24.8 |      72 |       3 |   4.0
      Orc:2 |    6459 |   17266 |  72.8 |      39 |      69 |  63.9
      Elf:1 |   19310 |    3695 |  16.1 |      34 |       7 |  17.1
      Elf:2 |   10835 |    1649 |  13.2 |      19 |       2 |   9.5
      Elf:3 |    4880 |       0 |   0.0 |       7 |       0 |   0.0
      Sewer |       0 |      52 | 100.0 |       0 |       8 | 100.0
            +---------+---------+-------+---------+---------+-------
